BSA
IRVINE GANG GREEN @ SAN FRANCISCO BANDITS
09/21/2030
 
TOP OF THE 1ST
Irvine Gang Green batting - Pitching for San Francisco Bandits : RHP Mitsunari Taguchi
Pitching: RHP Mitsunari Taguchi
Batting: RHB Tomás Carranza 0-0: Foul Ball, location: 2F
0-1: Ball
1-1: Called Strike
1-2: Ball
2-2: Foul Ball, location: 2F
2-2: Foul Ball, location: 2F
2-2: Ball
3-2: SINGLE (Line Drive, 8LS)
Batting: LHB Jorge Martínez 0-0: DOUBLE (Line Drive, 78XD)
Tomás Carranza to third
Runner from 3rd tries for Home, SAFE, no throw
Batting: LHB Jeff Daniels 0-0: Foul Ball, location: 2F
0-1: Ground out 4-3 (Groundball, 4D)
Jorge Martínez to third
Batting: LHB Víctor Quiñones 0-0: Called Strike
0-1: Foul Ball, location: 2F
0-2: Ball
1-2: Ball
2-2: Ball
3-2: Ground out U3 (Groundball, 34)
Jorge Martínez scores
Batting: SHB Nick Cox 0-0: Ball
1-0: Ball
2-0: Called Strike
2-1: Ball
3-1: Base on Balls
Batting: SHB Carlos Córdova 0-0: Foul Ball, location: 2F
0-1: Ball
1-1: Fly out, F4 (Line Drive, 4)
Top of the 1st over - 2 runs, 2 hits, 0 errors, 1 left on base; Irvine 2 - San Francisco 0
BOTTOM OF THE 1ST
San Francisco Bandits batting - Pitching for Irvine Gang Green : RHP Cristóbal Santos
Pitching: RHP Cristóbal Santos
Batting: RHB Scott Merritt 0-0: Ball
1-0: SOLO HOME RUN (Flyball, 9LD), Distance : 311 ft
Batting: RHB Peter Bishop 0-0: Called Strike
0-1: Foul Ball, location: 2F
0-2: Ground out U3 (Groundball, 3)
Batting: LHB Chris Austin 0-0: Ball
1-0: Foul Ball, location: 2F
1-1: Fly out, F9 (Line Drive, 9LM)
Batting: LHB Alan McGilroy 0-0: Called Strike
0-1: Fly out, F8 (Flyball, 8LM)
Bottom of the 1st over - 1 run, 1 hit, 0 errors, 0 left on base; Irvine 2 - San Francisco 1
TOP OF THE 2ND
Irvine Gang Green batting - Pitching for San Francisco Bandits : RHP Mitsunari Taguchi
Batting: RHB José Salazar 0-0: SINGLE (Line Drive, 6MD)
Batting: RHB Carlos García 0-0: Called Strike
0-1: Foul Ball, location: 2F
0-2: Ball
1-2: DOUBLE (Groundball, 3L)
José Salazar to third
Batting: LHB Tony Tavárez 0-0: Swinging Strike
0-1: Ball
1-1: Foul Ball, location: 2F
1-2: SINGLE (Groundball, 3D)
José Salazar scores
Carlos García to third
Batting: RHB Tomás Carranza 0-0: Ball
1-0: Called Strike
1-1: Foul Ball, location: 2F
1-2: Ball
2-2: Ball
3-2: Fly out, F8 (Flyball, 8RM)
Batting: LHB Jorge Martínez 0-0: Ball
1-0: Swinging Strike
1-1: Called Strike
1-2: Ball
Throwing error on steal attempt, E2
Carlos García scores
Tony Tavárez to third
2-2: Ball
3-2: Base on Balls
Batting: LHB Jeff Daniels 0-0: Called Strike
0-1: Fly out, F9 (Flyball, 89S)
Runner from 3rd tags up, SCORES, no throw
Batting: LHB Víctor Quiñones 0-0: Ball
1-0: Called Strike
1-1: Foul Ball, location: 2F
1-2: SINGLE (Groundball, 3D)
Jorge Martínez to second
Runner from 2nd tries for 3rd, SAFE, no throw
Pinch Runner at 3rd Oliver Cisneros:
Batting: SHB Nick Cox 0-0: Ball
1-0: Ball
2-0: Called Strike
2-1: Fly out, F8 (Flyball, 8LM)
Top of the 2nd over - 3 runs, 4 hits, 1 error, 2 left on base; Irvine 5 - San Francisco 1
BOTTOM OF THE 2ND
San Francisco Bandits batting - Pitching for Irvine Gang Green : RHP Cristóbal Santos
Now at 2B: Oliver Cisneros
Batting: SHB Terry Dailey 0-0: Called Strike
0-1: Ball
1-1: SOLO HOME RUN (Flyball, 9LD), Distance : 335 ft
Batting: RHB Michael Elliott 0-0: Fly out, F6 (Popup, 6S)
Batting: SHB Ángel González 0-0: Ball
1-0: SINGLE (Flyball, 9LS)
Batting: RHB Ronald Parsons 0-0: Called Strike
0-1: Ball
1-1: Swinging Strike
1-2: SINGLE (Groundball, 3D)
Ángel González to second
Runner from 2nd tries for 3rd, OUT!
Batting: RHB Glenn Melican 0-0: Ground out 1-3 (Groundball, 15S)
Bottom of the 2nd over - 1 run, 3 hits, 0 errors, 1 left on base; Irvine 5 - San Francisco 2
TOP OF THE 3RD
Irvine Gang Green batting - Pitching for San Francisco Bandits : RHP Mitsunari Taguchi
Batting: SHB Carlos Córdova 0-0: Ball
1-0: Called Strike
1-1: Ball
2-1: Ball
3-1: Base on Balls
Pitching: RHP Carlos Ledezma
Batting: RHB José Salazar 0-0: Ball
1-0: Called Strike
1-1: Foul Ball, location: 2F
1-2: Ball
2-2: Foul Ball, location: 2F
2-2: Foul Ball, location: 2F
2-2: Ball
3-2: Strikes out swinging
Carlos Córdova steals 2nd base
Batter strikes out.
Batting: RHB Carlos García 0-0: Swinging Strike
0-1: Swinging Strike
0-2: Foul Ball, location: 2F
0-2: Ball
1-2: Ball
2-2: SINGLE (Groundball, 56D)
Carlos Córdova to third
Runner from 3rd tries for Home, SAFE, no throw
Batting: LHB Tony Tavárez 0-0: Foul Ball, location: 2F
0-1: Fly out, F6 (Line Drive, 6)
Batting: RHB Tomás Carranza 0-0: Ball
1-0: Called Strike
1-1: Foul Ball, location: 2F
1-2: Foul Ball, location: 2F
1-2: Foul Ball, location: 2F
1-2: Fielders Choice at 2nd, U4 (Groundball, 4M)
Top of the 3rd over - 1 run, 1 hit, 0 errors, 1 left on base; Irvine 6 - San Francisco 2
BOTTOM OF THE 3RD
San Francisco Bandits batting - Pitching for Irvine Gang Green : RHP Cristóbal Santos
Batting: RHB Scott Merritt 0-0: Ball
1-0: Ball
2-0: Ball
3-0: Base on Balls
Batting: RHB Peter Bishop 0-0: Ball
1-0: Ball
2-0: Fly out, F7 (Flyball, 78M)
Batting: LHB Chris Austin 0-0: Ball
1-0: Called Strike
Scott Merritt steals 2nd base
1-1: SINGLE (Groundball, 4MD)
Scott Merritt to third
Runner from 3rd tries for Home, SAFE, no throw
Batting: LHB Alan McGilroy 0-0: Fly out, F9 (Flyball, 9D)
Batting: SHB Terry Dailey 0-0: Foul Ball, location: 2F
0-1: Ball
1-1: Called Strike
1-2: Ball
2-2: Ground out U3 (Groundball, 3L)
Bottom of the 3rd over - 1 run, 1 hit, 0 errors, 1 left on base; Irvine 6 - San Francisco 3
TOP OF THE 4TH
Irvine Gang Green batting - Pitching for San Francisco Bandits : RHP Carlos Ledezma
Batting: LHB Oliver Cisneros 0-0: Called Strike
0-1: Called Strike
0-2: Strikes out swinging
Batting: LHB Jeff Daniels 0-0: Ball
1-0: Called Strike
1-1: Ball
2-1: Ball
3-1: Base on Balls
Batting: LHB Víctor Quiñones 0-0: Ball
1-0: Foul Ball, location: 2F
1-1: Fly out, F8 (Flyball, 78M)
Batting: SHB Nick Cox 0-0: Foul Ball, location: 2F
0-1: Ball
Wild Pitch!
Jeff Daniels to second
1-1: Ball
2-1: Fly out, F5 (Popup, 5SF)
Top of the 4th over - 0 runs, 0 hits, 0 errors, 1 left on base; Irvine 6 - San Francisco 3
BOTTOM OF THE 4TH
San Francisco Bandits batting - Pitching for Irvine Gang Green : RHP Cristóbal Santos
Batting: RHB Michael Elliott 0-0: Foul Ball, location: 2F
0-1: Ball
1-1: Swinging Strike
1-2: DOUBLE (Line Drive, 9LM)
Batting: SHB Ángel González 0-0: Foul Ball, location: 2F
0-1: Ball
1-1: SINGLE (Groundball, 56D)
Michael Elliott to third
Batting: RHB Ronald Parsons 0-0: Called Strike
0-1: Ball
1-1: Swinging Strike
1-2: Strikes out looking
Batting: RHB Glenn Melican 0-0: Foul Ball, location: 2F
0-1: Ball
1-1: Ball
2-1: Ground out 5-3 (Groundball, 5S)
Michael Elliott scores
Ángel González to second
Batting: RHB Scott Merritt 0-0: Ground out 5-3 (Groundball, 56)
Bottom of the 4th over - 1 run, 2 hits, 0 errors, 1 left on base; Irvine 6 - San Francisco 4
TOP OF THE 5TH
Irvine Gang Green batting - Pitching for San Francisco Bandits : RHP Carlos Ledezma
Batting: SHB Carlos Córdova 0-0: Ball
1-0: Foul Ball, location: 2F
1-1: Foul Ball, location: 2F
1-2: Ground out 5-3 (Groundball, 56)
Batting: RHB José Salazar 0-0: Ball
1-0: Called Strike
1-1: Fly out, F7 (Flyball, 78XD)
Batting: RHB Carlos García 0-0: Ball
1-0: Foul Ball, location: 2F
1-1: Foul Ball, location: 2F
1-2: Foul Ball, location: 2F
1-2: Hit by Pitch
Pitching: LHP Armando Rodríguez
Batting: LHB Tony Tavárez 0-0: Called Strike
0-1: Called Strike
0-2: Fielders Choice at 2nd, 5-4 (Groundball, 56)
Top of the 5th over - 0 runs, 0 hits, 0 errors, 1 left on base; Irvine 6 - San Francisco 4
BOTTOM OF THE 5TH
San Francisco Bandits batting - Pitching for Irvine Gang Green : RHP Cristóbal Santos
Batting: RHB Peter Bishop 0-0: Ball
1-0: Ground out 6-3 (Groundball, 6)
Batting: LHB Chris Austin 0-0: Called Strike
0-1: Called Strike
0-2: Ball
1-2: Foul Ball, location: 2F
1-2: Foul Ball, location: 2F
1-2: Fly out, F9 (Flyball, 9S)
Pitching: RHP Takehide Ono
Batting: LHB Alan McGilroy 0-0: Called Strike
0-1: Foul Ball, location: 2F
0-2: Foul Ball, location: 2F
0-2: Ball
1-2: Foul Ball, location: 2F
1-2: Foul Ball, location: 2F
1-2: Foul Ball, location: 2F
1-2: Ball
2-2: Ball
3-2: Fly out, F7 (Flyball, 78M)
Bottom of the 5th over - 0 runs, 0 hits, 0 errors, 0 left on base; Irvine 6 - San Francisco 4
TOP OF THE 6TH
Irvine Gang Green batting - Pitching for San Francisco Bandits : LHP Armando Rodríguez
Batting: RHB Tomás Carranza 0-0: Ball
1-0: Called Strike
1-1: Ball
2-1: Foul Ball, location: 2F
2-2: Foul Ball, location: 2F
2-2: Foul Ball, location: 2F
2-2: Ground out 4-3 (Groundball, 4)
Batting: LHB Oliver Cisneros 0-0: Ball
1-0: Called Strike
1-1: Ball
2-1: Swinging Strike
2-2: Foul Ball, location: 2F
2-2: Foul Ball, location: 2F
2-2: Foul Ball, location: 2F
2-2: Strikes out swinging
Batting: LHB Jeff Daniels 0-0: Foul Ball, location: 2F
0-1: Swinging Strike
0-2: Foul Ball, location: 2F
0-2: Strikes out looking
Top of the 6th over - 0 runs, 0 hits, 0 errors, 0 left on base; Irvine 6 - San Francisco 4
BOTTOM OF THE 6TH
San Francisco Bandits batting - Pitching for Irvine Gang Green : RHP Takehide Ono
Batting: SHB Terry Dailey 0-0: Swinging Strike
0-1: Swinging Strike
0-2: Ball
1-2: Strikes out looking
Batting: RHB Michael Elliott 0-0: Ball
1-0: SINGLE (Groundball, 4D)
Batting: SHB Ángel González 0-0: Foul Ball, location: 2F
0-1: Swinging Strike
0-2: Strikes out swinging
Batting: RHB Ronald Parsons 0-0: Ball
1-0: Foul Ball, location: 2F
1-1: Fielders Choice at 2nd, 5-4 (Groundball, 56)
Bottom of the 6th over - 0 runs, 1 hit, 0 errors, 1 left on base; Irvine 6 - San Francisco 4
TOP OF THE 7TH
Irvine Gang Green batting - Pitching for San Francisco Bandits : LHP Armando Rodríguez
Pitching: RHP António Ramos
Batting: LHB Víctor Quiñones 0-0: Ground out 1-3 (Groundball, 15)
Batting: SHB Nick Cox 0-0: Ball
1-0: Foul Ball, location: 2F
1-1: Ball
2-1: Called Strike
2-2: Ball
3-2: Fly out, F8 (Flyball, 8LM)
Batting: SHB Carlos Córdova 0-0: Called Strike
0-1: Foul Ball, location: 2F
0-2: Ball
1-2: Ball
2-2: Ball
3-2: SINGLE (Line Drive, 56D)
Batting: RHB José Salazar 0-0: Ball
1-0: Called Strike
1-1: Foul Ball, location: 2F
1-2: Ball
2-2: Ball
3-2: Ground out 6-3 (Groundball, 6MD)
Top of the 7th over - 0 runs, 1 hit, 0 errors, 1 left on base; Irvine 6 - San Francisco 4
BOTTOM OF THE 7TH
San Francisco Bandits batting - Pitching for Irvine Gang Green : RHP Takehide Ono
Batting: RHB Glenn Melican 0-0: Swinging Strike
0-1: Ball
1-1: Ball
2-1: Ball
3-1: Base on Balls
Batting: RHB Scott Merritt 0-0: Called Strike
0-1: Grounds into double play, 4-6-3 (Groundball, 4)
Batting: RHB Peter Bishop 0-0: Fly out, F9 (Flyball, 9S)
Bottom of the 7th over - 0 runs, 0 hits, 0 errors, 0 left on base; Irvine 6 - San Francisco 4
TOP OF THE 8TH
Irvine Gang Green batting - Pitching for San Francisco Bandits : RHP António Ramos
Batting: RHB Carlos García 0-0: Foul Ball, location: 2F
0-1: Fly out, F8 (Flyball, 78XD)
Batting: LHB Tony Tavárez 0-0: Ball
1-0: Foul Ball, location: 2F
1-1: Ground out 5-3 (Groundball, 25)
Batting: RHB Tomás Carranza 0-0: Ball
1-0: Foul Ball, location: 2F
1-1: Foul Ball, location: 2F
1-2: SINGLE (Groundball, 25) (infield hit)
Batting: LHB Oliver Cisneros 0-0: Called Strike
0-1: Ball
1-1: Called Strike
1-2: Foul Ball, location: 2F
1-2: Foul Ball, location: 2F
1-2: Foul Ball, location: 2F
1-2: Foul Ball, location: 2F
1-2: Strikes out looking
Top of the 8th over - 0 runs, 1 hit, 0 errors, 1 left on base; Irvine 6 - San Francisco 4
BOTTOM OF THE 8TH
San Francisco Bandits batting - Pitching for Irvine Gang Green : RHP Takehide Ono
Pitching: RHP Raúl Saltines
Batting: LHB Chris Austin 0-0: Called Strike
0-1: Ball
1-1: Foul Ball, location: 2F
1-2: Foul Ball, location: 2F
1-2: Ball
2-2: SINGLE (Flyball, 89S)
Batting: LHB Alan McGilroy 0-0: Ball
1-0: Ball
2-0: Foul Ball, location: 2F
2-1: Called Strike
2-2: Foul Ball, location: 2F
2-2: Ball
3-2: Strikes out swinging
Batting: SHB Terry Dailey 0-0: Called Strike
0-1: Ball
1-1: Foul Ball, location: 2F
1-2: Foul Ball, location: 2F
1-2: Ball
2-2: Strikes out swinging
Batting: RHB Michael Elliott 0-0: Ball
1-0: Called Strike
1-1: Foul Ball, location: 2F
1-2: Ball
2-2: Strikes out swinging
Bottom of the 8th over - 0 runs, 1 hit, 0 errors, 1 left on base; Irvine 6 - San Francisco 4
TOP OF THE 9TH
Irvine Gang Green batting - Pitching for San Francisco Bandits : RHP António Ramos
Batting: LHB Jeff Daniels 0-0: Foul Ball, location: 2F
0-1: Foul Ball, location: 2F
0-2: Foul Ball, location: 2F
0-2: Ball
1-2: SINGLE (Groundball, 4MD)
Pitching: RHP Brad Sharpe
Batting: LHB Víctor Quiñones 0-0: Ball
1-0: Ball
2-0: Ball
3-0: Base on Balls
Jeff Daniels to second
Pitching: RHP Kunihiko Daikawa
Batting: SHB Nick Cox 0-0: Ball
1-0: Ball
2-0: Foul Ball, location: 2F
2-1: Ball
3-1: Base on Balls
Jeff Daniels to third
Víctor Quiñones to second
Batting: SHB Carlos Córdova 0-0: Grounds into double play, 5-2-3 (Groundball, 56S)
Víctor Quiñones to third
Nick Cox to second
Batting: RHB José Salazar 0-0: Called Strike
0-1: Ball
1-1: SINGLE (Line Drive, 3)
Víctor Quiñones scores
Nick Cox to third
Runner from 3rd tries for Home, SAFE, no throw
Batting: RHB Carlos García 0-0: Ball
1-0: Reached on error, E6 (Groundball, 6)
José Salazar to second
Batting: LHB Tony Tavárez 0-0: SINGLE (Groundball, 34D)
José Salazar to third
Carlos García to second
Runner from 3rd tries for Home, SAFE, no throw
Batting: RHB Tomás Carranza 0-0: Called Strike
0-1: Ball
1-1: Ball
2-1: Ball
3-1: Base on Balls
Carlos García to third
Tony Tavárez to second
Batting: LHB Oliver Cisneros 0-0: Called Strike
0-1: Ground out 1-3 (Groundball, P)
Top of the 9th over - 3 runs, 3 hits, 1 error, 3 left on base; Irvine 9 - San Francisco 4
BOTTOM OF THE 9TH
San Francisco Bandits batting - Pitching for Irvine Gang Green : RHP Raúl Saltines
Batting: SHB Ángel González 0-0: Fly out, F7 (Flyball, 7LSF)
Batting: RHB Ronald Parsons 0-0: Ball
1-0: Ball
2-0: Ground out U3 (Groundball, 23)
Batting: RHB Glenn Melican 0-0: Swinging Strike
0-1: Ball
1-1: Called Strike
1-2: Strikes out looking
Bottom of the 9th over - 0 runs, 0 hits, 0 errors, 0 left on base; Irvine 9 - San Francisco 4
Saturday, April 7th, 2018 - OOTP Baseball 18.8 Build 76